 Dungeon Crawl Stone Soup version 0.20.1-1-g8b1a95d (webtiles) character file.

113 Lorindel the Insei (level 4, 0/36 HPs)
             Began as a Demigod Transmuter on July 17, 2017.
             Slain by a gnoll
             ... wielding a +0 whip
              (6 damage)
             ... on level 2 of the Dungeon.
             The game lasted 00:15:44 (1634 turns).

Lorindel the Insei (Demigod Transmuter)             Turns: 1634, Time: 00:15:45

Health: 0/36       AC:  2    Str: 13    XL:     4   Next: 39%
Magic:  8/10       EV: 20    Int: 19    God:
Gold:   103        SH:  0    Dex: 21    Spells: 3/7 levels left

rFire    . . .     SeeInvis .     - Unarmed
rCold    . . .     Gourm    .   (shield currently unavailable)
rNeg     . . .     Faith    .   (armour currently unavailable)
rPois    x         Spirit   .   (helmet currently unavailable)
rElec    .         Reflect  .   (cloak currently unavailable)
rCorr    .         Harm     .   (gloves currently unavailable)
MR       .....                  (boots currently unavailable)
Stlth    ++........             (no amulet)
Regen    0.2/turn               (no ring)
MPRegen  0.2/turn               (no ring)

@: spider-form
A: high mp 1
a: End Transformation


You were on level 2 of the Dungeon.
You were not hungry.
You were a venomous arachnid creature.
You visited 1 branch of the dungeon, and saw 2 of its levels.

You collected 103 gold pieces.

Inventory:

Missiles
 a - 26 arrows
Armour
 b - a +0 robe
 e - a +0 leather armour (melded)
 j - a +0 pair of gloves (melded)
 k - a +0 ring mail
 m - a +0 scale mail
 s - a +0 chain mail
Wands
 p - a wand of confusion (26/48)
Scrolls
 h - a scroll of remove curse
 n - 2 scrolls of teleportation
Potions
 l - a potion of brilliance
 o - a potion of might
 q - 2 potions of flight
Books
 c - a book of Changes

   Spells                             Type                      Level
   a - Beastly Appendage              Transmutation                1
   b - Sticks to Snakes               Transmutation                2
   c - Spider Form                    Transmutation/Poison         3
   d - Ice Form                       Ice/Transmutation            4
   e - Blade Hands                    Transmutation                5
Comestibles
 d - a bread ration
 f - 2 chunks of flesh
 g - 2 meat rations
 i - a royal jelly


   Skills:
 + Level 1.7 Fighting
 + Level 1.1 Armour
 + Level 2.2 Dodging
 + Level 3.1 Unarmed Combat
 + Level 2.3 Spellcasting
 + Level 2.5 Transmutations
 + Level 0.3 Poison Magic
 + Level 0.1 Evocations


You had 3 spell levels left.
You knew the following spells:

 Your Spells              Type           Power        Failure   Level  Hunger
a - Beastly Appendage     Tmut           ##....       17%         1    #......
b - Spider Form           Tmut/Pois      #.........   47%         3    ###....


Dungeon Overview and Level Annotations

Branches:
Dungeon (2/15)


Innate Abilities, Weirdness & Mutations

You have an increased reservoir of magic. (+10% MP)


Message History

You turn into a venomous arachnid creature.
Your +0 pair of gloves melds into your body.
Your +0 leather armour melds into your body.
You barely miss the gnoll.
The gnoll hits you from afar with a spear!
The gnoll hits you from afar with a spear!
You hit the gnoll but do no damage. The gnoll barely misses you.
The gnoll hits you from afar with a spear!
You hit the gnoll.
The gnoll is moderately wounded.
You hit the gnoll.
The gnoll is poisoned.
The gnoll is severely wounded.
The gnoll hits you with a flail!
* * * LOW HITPOINT WARNING * * *
You hit the gnoll.
You kill the gnoll!
You bite the gnoll!
The gnoll is poisoned.
The gnoll is heavily wounded.
The gnoll hits you with a whip.
You die...

#########...#
............# ..
#.##....##### .
#.........### .## %#
.###....#...# [.# ..#
...#....###.# #.#####.##
.#.###### #.# #.#.......
...## #.# #.#.......
....#######.## #s#.....(.
.##..........###g#.......
.................g..g....
..########....##.#.......
..# #....##.#.......
..########.......#.......
.............<##.........
..########....##......(..
### ########.#######


You could see a gnoll and a goblin.

Vanquished Creatures
  An adder (D:2)
  5 gnolls (D:2)
  2 oozes
  A leopard gecko (D:2)
  7 goblins
  5 hobgoblins
  3 jackals (D:2)
  4 kobolds
  10 bats
  4 frilled lizards
  6 rats
48 creatures vanquished.

Notes
Turn   | Place    | Note
-------+----------+-------------------------------------------
     0 | D:1      | Lorindel the Demigod Transmuter began the quest for the Orb.
     0 | D:1      | Reached XP level 1. HP: 15/15 MP: 5/5
    32 | D:1      | Reached skill level 1 in Fighting
   302 | D:1      | Reached XP level 2. HP: 23/23 MP: 5/7
  1013 | D:2      | Reached XP level 3. HP: 14/28 MP: 6/8
  1018 | D:2      | Found a white marble altar of Elyvilon.
  1040 | D:2      | Reached skill level 1 in Armour
  1060 | D:2      | Learned a level 3 spell: Spider Form
  1360 | D:2      | Reached skill level 3 in Unarmed Combat
  1362 | D:2      | Reached XP level 4. HP: 30/36 MP: 6/10
  1634 | D:2      | Slain by a gnoll

Skill      XL: |  1  2  3 |
---------------+----------+-----
Fighting       | 1 |  1.7
Transmutations | 2 |  2.5
Spellcasting   | 2 |  2.3
Armour         | 1 |  1.1
Dodging        | 2 |  2.2
Unarmed Combat | 3 |  3.1
Poison Magic   | |  0.3
Evocations     | |  0.1

Action                   |  1- 3 |  4- 6 || total
-------------------------+-------+-------++-------
Melee: Unarmed           |    90 |    39 ||   129
       Kick              |     3 |     3 ||     6
       Punch             |     2 |     1 ||     3
       Headbutt          |    10 |     6 ||    16
 Cast: Beastly Appendage |    16 |     4 ||    20
       Spider Form       |     1 |     1 ||     2
  Use: Scroll            |     5 |     2 ||     7
  Eat: Chunk             |     2 |     1 ||     3
Armor: Leather armour    |    27 |    11 ||    38
       Skin              |     1 |       ||     1
Dodge: Dodged            |    59 |    18 ||    77
